 Dungeon Crawl Stone Soup version 0.29.1-1-gd02db6906a (webtiles) character file.

Game seed: 10769302918962901495

23538 holycorn the Severer (level 12, -2/118 HPs)
             Began as a Minotaur Berserker on Sept 21, 2022.
             Was a High Priest of Trog.
             Slain by a death yak (17 damage)
             ... on level 4 of the Lair of Beasts.
             The game lasted 00:29:22 (13509 turns).

holycorn the Severer (Minotaur Berserker)          Turns: 13509, Time: 00:29:23

Health: -2/118     AC: 18    Str: 26    XL:     12   Next: 72%
Magic:  11/11      EV:  9    Int: 10    God:    Trog [*****.]
Gold:   662        SH:  0    Dex: 11    Spells: 11/11 levels left

rFire   . . .      SeeInvis .   C - +3 broad axe (flame)
rCold   + . .      Faith    .   (no shield)
rNeg    . . .      Spirit   .   o - +0 chain mail
rPois   .          Reflect  .   (helmet restricted)
rElec   .          Harm     .   j - +0 cloak
rCorr   +          Rampage  .   f - +0 pair of gloves
Will    .....                   k - +1 pair of boots of the Bulwark {Int+6}
Stlth   ..........              (no amulet)
HPRegen 0.29/turn               t - ring of resist corrosion
MPRegen 0.12/turn               w - ring of protection from cold

@: mighty, on berserk cooldown, slowed, very slow
A: horns 2, retaliatory headbutt
a: Renounce Religion, Berserk, Trog's Hand, Brothers in Arms


You were on level 4 of the Lair of Beasts.
You worshipped Trog.
Trog was extremely pleased with you.
You visited 2 branches of the dungeon, and saw 12 of its levels.
You also visited: Ossuary and Bailey.

You collected 662 gold pieces.

Inventory:

Hand Weapons
 a - a +1 hand axe
 c - a +0 war axe
 C - a +3 broad axe of flaming (weapon)
 H - the +7 hand axe "Lasmeurgh" {vamp, Fly Str+4}
   (You found it on level 2 of the Lair of Beasts)

   It occasionally heals its wielder for a portion of the damage dealt when it
   wounds a living foe.
   Str:       It affects your strength (+4).
   Fly:       It grants you flight.
 O - a +0 battleaxe
Armour
 f - a +0 pair of gloves (worn)
 j - a +0 cloak (worn)
 k - the +1 pair of boots of the Bulwark (worn) {Int+6}
   (You found it on level 5 of the Dungeon)

   Int:       It affects your intelligence (+6).
 l - the +1 ring mail of Unambiguity {rF+}
   (You found it on level 1 of the Lair of Beasts)

   rF:        It protects you from fire.
 o - a +0 chain mail (worn)
 D - +0 steam dragon scales
 K - a +0 tower shield
Jewellery
 t - a ring of resist corrosion (left hand)
 w - a ring of protection from cold (right hand)
Wands
 m - a wand of polymorph (10)
 y - a wand of iceblast (16)
 B - a wand of flame (21)
 G - a wand of mindburst (7)
 N - a wand of digging (5)
Scrolls
 n - 4 scrolls of amnesia
 q - a scroll of fear {unknown}
 r - a scroll of butterflies
 v - a scroll of poison
 x - 4 scrolls of teleportation
 A - 2 scrolls of noise {unknown}
 I - a scroll of magic mapping
 J - a scroll of enchant armour {unknown}
 L - a scroll of enchant weapon
 P - 2 scrolls of identify
Potions
 b - 2 potions of degeneration {unknown}
 d - 7 potions of curing
 e - 2 potions of resistance
 g - 3 potions of might
 h - 2 potions of magic
 i - 2 potions of lignification
 p - 2 potions of mutation
 s - a potion of berserk rage
 u - 5 potions of flight
 E - a potion of brilliance
 F - 3 potions of haste {unknown}
 M - a potion of attraction {unknown}


   Skills:
 + Level 14.7 Fighting
 + Level 17.7 Axes
 - Level 12.2 Armour
 - Level 2.2 Dodging


You had 11 spell levels left.
You didn't know any spells.
Your spell library was empty.

Dungeon Overview and Level Annotations

Branches:
Dungeon (8/15)             Temple (0/1) D:7            Lair (4/5) D:8
  Swamp (0/4) Lair:2        Snake (0/4) Lair:3        Slime (0/5) Lair:4
Ossuary (visited)          Bailey (visited)

Altars:
Cheibriados
Dithmenos
Hepliaklqana
Kikubaaqudgha
Makhleb
Nemelex Xobeh
Sif Muna
Trog
Uskayaw
Xom
Jiyva

Shops:
D:4 (   D:5 !

Annotations:
Lair:1 exclusion: oklob plant


Innate Abilities, Weirdness & Mutations

You have a pair of horns on your head.
You reflexively headbutt those who attack you in melee.


Message History

You miss the killer bee.
You feel the effects of Trog's Hand fading.
The meliai closely misses you. The meliai stings you.
The killer bee stings you but does no damage.
The meliai hits you but does no damage.
The meliai stings you but does no damage.
The killer bee stings you but does no damage.
You miss the meliai.
The meliai is severely wounded.
You slash the killer bee! You burn the killer bee.
You kill the killer bee!
Trog accepts your kill.
The meliai mumbles some strange prayers to its god against you.
Something smites you!
The meliai hits you with a +0 broad axe.
The meliai stings you!
You hear an angry buzzing noise.
You hit the meliai. You burn the meliai. Your headbutt misses the meliai.
The meliai is almost dead.
The meliai mumbles some strange prayers to its god against you.
Something smites you!
* * * LOW HITPOINT WARNING * * *
The meliai mumbles some strange prayers to its god against you.
Something smites you!
* * * LOW HITPOINT WARNING * * *
You feel much better.
The meliai calls down the wrath of its god upon you.
Something smites you! The death yak gores you!
* * * LOW HITPOINT WARNING * * *
You hear a bellow!
You feel very mighty all of a sudden.
Your skin stops crawling.
You feel less strong-willed.
You hear an angry hiss.
The death yak gores you!!
* * * LOW HITPOINT WARNING * * *
A death yak comes into view.
You hit the death yak. You burn the death yak.
The death yak is lightly wounded.
The death yak gores you!
You die...

##....##
#.#........##
##.#...# ###
#..........P#
##....## ..#
#####......## #...##
##..# ######......#
##.## ..#.#
#.#.........# ###
#/#.####.#.#........#
#!#††#†.#.........##
#YY†††...#........#
#y#@#.#..#........#
yY #)#...#.........#


.yy #.#.≈..#.........# #y# ..#....#.........# . #.##..#..........
.####.#.#....... # #.#.. ... You could see 2 death yaks.

Vanquished Creatures
  3 hydras
  A boulder beetle (Lair:1)
  A bog body (Lair:2)
  A lindwurm (Lair:4)
  An orc knight (Bailey)
  5 elephants (Lair:4)
  A black mamba (Lair:1)
  10 cane toads
  Maggie (D:7)
  4 rime drakes
  4 komodo dragons
  A meliai (Lair:4)
  A queen bee (Lair:4)
  A polar bear (Lair:4)
  9 dream sheep
  5 blink frogs (Lair:3)
  A wraith (D:8)
  5 wyverns
  10 yaks
  5 basilisks
  A steam dragon (D:8)
  Edmund (D:4)
  2 swamp worms (Lair:2)
  3 nagas (Lair:3)
  An acid dragon (D:6)
  6 water moccasins
  4 ice beasts
  9 orc warriors
  2 black bears
  A centaur (D:6)
  An ogre (D:5)
  6 wolves (Lair:1)
  2 kobold brigands (D:8)
  A phantom (D:5)
  6 bullfrogs
  2 necrophages
  A gnoll sergeant (D:6)
  A scorpion (D:6)
  An elf zombie (Ossuary)
  21 killer bees (Lair:4)
  4 howler monkeys
  2 electric eels
  3 centaur zombies (Ossuary)
  A gnoll bouda (D:7)
  2 human zombies (Ossuary)
  7 hounds
  3 iguanas
  3 orc wizards
  A hound zombie (Ossuary)
  3 mummies (Ossuary)
  Robin (D:4)
  7 gnolls
  8 adders
  A shadow imp (D:5)
  An ufetubus (D:5)
  6 adder zombies (Ossuary)
  2 worms
  2 dart slugs (D:1)
  13 orcs
  7 bats
  6 endoplasms
  4 giant cockroaches
  18 goblins
  9 hobgoblins
  6 quokkas
  3 ball pythons
  3 frilled lizards
  2 goblin zombies (Ossuary)
  2 hobgoblin zombies (Ossuary)
  4 jackal zombies (Ossuary)
  17 kobolds
  5 kobold zombies (Ossuary)
  An orc zombie (Ossuary)
  3 quokka zombies (Ossuary)
  5 rats
  4 rat zombies (Ossuary)
311 creatures vanquished.

Vanquished Creatures (others)
  9 fungi
  70 plants
79 creatures vanquished.

Grand Total: 390 creatures vanquished

Notes
Turn   | Place    | Note
-------+----------+-------------------------------------------
     0 | D:1      | holycorn the Minotaur Berserker began the quest for the
                  | Orb.
     0 | D:1      | Reached XP level 1. HP: 19/19 MP: 0/0
   246 | D:1      | Reached XP level 2. HP: 27/27 MP: 1/1
   341 | D:1      | Reached skill level 4 in Axes
   955 | D:2      | Reached XP level 3. HP: 34/34 MP: 2/2
   957 | D:2      | Reached ** piety under Trog
  1405 | D:3      | Identified the +1 ring mail "Uranket" {*Slow rElec Int+2
                  | Stlth+}
  1542 | D:3      | Reached skill level 5 in Axes
  1686 | D:3      | Reached XP level 4. HP: 41/41 MP: 3/3
  2275 | D:4      | Reached skill level 6 in Axes
  2275 | D:4      | Reached XP level 5. HP: 24/47 MP: 4/4
  2474 | D:4      | Found Mufes's Weapon Boutique.
  2511 | D:4      | Noticed Edmund
  2525 | D:4      | Killed Edmund
  2526 | D:4      | Reached skill level 5 in Fighting
  2526 | D:4      | Reached skill level 7 in Axes
  2629 | D:4      | Noticed Robin
  2633 | D:4      | Reached XP level 6. HP: 56/56 MP: 5/5
  2639 | D:4      | Killed Robin
  2650 | D:4      | Found a sand-covered staircase.
  2686 | Ossuary  | Entered an ossuary
  2755 | Ossuary  | Reached *** piety under Trog
  2783 | Ossuary  | Reached skill level 8 in Axes
  3208 | Ossuary  | Reached XP level 7. HP: 55/61 MP: 6/6
  3484 | D:5      | Entered Level 5 of the Dungeon
  3496 | D:5      | Reached skill level 9 in Axes
  3543 | D:5      | Found Qukloned's Distillery.
  3547 | D:5      | Found a hide-covered altar of Uskayaw.
  3896 | D:5      | Reached skill level 10 in Axes
  4322 | D:5      | Identified the +1 pair of boots of the Bulwark {Int+6}
  4493 | D:6      | Reached XP level 8. HP: 62/71 MP: 7/7
  4508 | D:6      | Reached skill level 11 in Axes
  4895 | D:6      | Found an ancient bone altar of Kikubaaqudgha.
  4915 | D:6      | Found a bloodstained altar of Trog.
  5678 | D:6      | Found a shadowy altar of Dithmenos.
  5687 | D:6      | Reached skill level 12 in Axes
  5748 | D:7      | Reached **** piety under Trog
  5872 | D:7      | Noticed Maggie
  5884 | D:7      | Killed Maggie
  5885 | D:7      | Reached skill level 13 in Axes
  5885 | D:7      | Reached XP level 9. HP: 42/79 MP: 8/8
  6138 | D:7      | Found a hazy altar of Hepliaklqana.
  6290 | D:7      | Found a staircase to the Ecumenical Temple.
  6357 | D:7      | Found a shimmering blue altar of Sif Muna.
  6404 | D:8      | Found a flagged portal.
  6435 | Bailey   | Entered a bailey
  6482 | Bailey   | Noticed an orc knight
  6542 | Bailey   | Reached skill level 14 in Axes
  6581 | Bailey   | Killed an orc knight
  6582 | Bailey   | Reached skill level 15 in Axes
  7128 | D:8      | Found a large runed translucent door.
  7129 | D:8      | Found a large runed translucent door.
  7179 | D:8      | Found a shimmering altar of Xom.
  7183 | D:8      | Reached XP level 10. HP: 89/89 MP: 9/9
  7186 | D:8      | Found a snail-covered altar of Cheibriados.
  7328 | D:8      | Found a staircase to the Lair.
  7366 | D:8      | Reached skill level 16 in Axes
  7706 | D:8      | Found a burning altar of Makhleb.
  7934 | Lair:1   | Entered Level 1 of the Lair of Beasts
  7935 | Lair:1   | Noticed a seven-headed hydra
  7942 | Lair:1   | Killed a three-headed hydra
  8048 | Lair:1   | Reached skill level 5 in Armour
  8180 | Lair:1   | Reached ***** piety under Trog
  8531 | Lair:1   | Identified the +1 ring mail of Unambiguity {rF+}
  8533 | Lair:1   | Noticed a cane toad
  8536 | Lair:1   | Found a hide-covered altar of Uskayaw.
  8548 | Lair:1   | Killed a cane toad
  8549 | Lair:1   | Reached skill level 10 in Fighting
  8742 | Lair:1   | Noticed a black mamba
  8744 | Lair:1   | Found a sparkling altar of Nemelex Xobeh.
  8749 | Lair:1   | Killed a black mamba
  8750 | Lair:1   | Reached XP level 11. HP: 72/101 MP: 10/10
  9161 | Lair:1   | Noticed an eight-headed hydra
  9168 | Lair:1   | Killed a four-headed hydra
  9602 | Lair:1   | Noticed a boulder beetle
  9608 | Lair:1   | Killed a boulder beetle
 10094 | Lair:1   | Found a snail-covered altar of Cheibriados.
 10094 | Lair:1   | Noticed an oklob plant
 10270 | Lair:2   | Reached skill level 10 in Armour
 10295 | Lair:2   | Identified the +7 hand axe "Lasmeurgh" {vamp, Fly Str+4}
 10719 | Lair:2   | Noticed a bog body
 10734 | Lair:2   | Killed a bog body
 10933 | Lair:2   | Found a staircase to the Swamp.
 12275 | Lair:3   | Found a staircase to the Snake Pit.
 12532 | Lair:3   | Reached XP level 12. HP: 113/113 MP: 11/11
 12764 | Lair:4   | Noticed an eight-headed hydra
 12773 | Lair:4   | Killed a seven-headed hydra
 13027 | Lair:4   | Found a viscous altar of Jiyva.
 13027 | Lair:4   | Found a staircase to the Slime Pits.
 13412 | Lair:4   | Reached skill level 17 in Axes
 13485 | Lair:4   | Noticed a death yak
 13509 | Lair:4   | Noticed a death yak
 13509 | Lair:4   | Slain by a death yak

Illustrated notes

Levels and vault maps discovered:
D:1:      tarquinn_simple_flora_water_c, layout_basic, minmay_misc_feat_columns,
          minmay_distorted
D:2:      minmay_general_purpose_star, layout_basic
D:3:      layout_loops_corners
D:4:      minmay_clustersquares, layout_rooms, serial_shops,
          nicolae_shop_window_shopping, nicolae_ossuary_entry_plus,
          nrook_loot_triangle, minmay_starry_boxes, uniq_robin,
          uniq_crazy_yiuf_cottage, uniq_edmund
D:5:      layout_loops_ring, nicolae_uskayaw_murder_on_the_dancefloor,
          serial_shops, nicolae_shop_waterfront
D:6:      layout_basic, mainiacjoe_overflow_tiny_flanked,
          mainiacjoe_overflow_catch_the_wave, nicolae_sextant
D:7:      layout_rooms, led_sif_pool, nzn_hepliaklqana_mist_gate,
          minmay_temple_entry_overgrown, uniq_maggie
D:8:      layout_gridville, jmf_multi_god_temple2,
          nicolae_overflow_hidden_temple, david_lair_shrubbed, enter_bailey_5
Lair:1:   wad_woods_stonehenge, layout_gridlike, basic_altar,
          lemuel_oklob_altar, lemuel_fruit_fields, lemuel_fruit_tree
Lair:2:   layout_small_grid, nicolae_swamp_entry_splash_gauntlet,
          nicolae_quartered_pool_impasse, grunt_megastairs_5,
          infiniplex_staircase_pool_2
Lair:3:   layout_long_grid, minmay_snake_entry_guardpost_small
Lair:4:   regret_index_tunnel_blossom, layout_regular_city, slime_entry_1

Skill      XL: |  1  2  3  4  5  6  7  8  9 10 11 12 |
---------------+-------------------------------------+-----
Fighting       | 4 5 6 7 8 10 12 14 | 14.7
Axes           | 4 5 6 7 8 10 13 15 16 17 | 17.7
Armour         | 7 11 12 | 12.2
Dodging        | |  2.2

Action                   |  1- 3 |  4- 6 |  7- 9 | 10-12 || total
-------------------------+-------+-------+-------+-------++-------
Melee: Hand axe          |    82 |   128 |    84 |    86 ||   380
       Headbutt          |    15 |    22 |    45 |    66 ||   148
       Punch             |       |     3 |     3 |     5 ||    11
       War axe           |       |       |    99 |       ||    99
       Broad axe         |       |       |    59 |   252 ||   311
Invok: Berserk           |       |     3 |     3 |     3 ||     9
       Trog's Hand       |       |       |     1 |     4 ||     5
  Use: Scroll            |       |       |    20 |     3 ||    23
       Potion            |       |       |     3 |     4 ||     7
 Stab: Invisible         |       |       |     3 |       ||     3
Armor: Animal skin       |     9 |       |       |       ||     9
       Scale mail        |    12 |       |       |       ||    12
       Chain mail        |    21 |    94 |   104 |   179 ||   398
Dodge: Dodged            |    37 |    51 |   108 |   150 ||   346
